 Dungeon Crawl Stone Soup version 0.28-a0-71-g84acfa7270 (webtiles) character file.

Game seed: 9446513825973320832

49 Gargoyl the Skirmisher (level 3, -1/35 HPs)
             Began as a Gnoll Abyssal Knight on Aug 1, 2021.
             Was a Follower of Lugonu.
             Succumbed to an adder's poison
             ... on level 2 of the Dungeon.
             The game lasted 00:01:22 (1167 turns).

Gargoyl the Skirmisher (Gnoll Abyssal Knight)       Turns: 1167, Time: 00:01:23

Health: -1/35      AC:  4    Str: 12    XL:     3   Next: 75%
Magic:  6/6        EV: 12    Int: 11    God:    Lugonu [*.....]
Gold:   34         SH:  0    Dex: 11    Spells: 3/3 levels left

rFire   . . .      SeeInvis .   a - +1 hand axe
rCold   . . .      Faith    .   (no shield)
rNeg    . . .      Spirit   .   b - +0 leather armour
rPois   .          Reflect  .   (no helmet)
rElec   .          Harm     .   f - +0 cloak
rCorr   +          Rampage  .   (no gloves)
Will    .....                   (no boots)
Stlth   +.........              (no amulet)
HPRegen 0.11/turn               d - ring of resist corrosion
MPRegen 0.10/turn               (no ring)

@: lethally poisoned (-1 -> -13)
A: fangs 1, strong nose, distributed training
a: Renounce Religion, Depart the Abyss


You were on level 2 of the Dungeon.
You worshipped Lugonu.
Lugonu was aware of your devotion.
You visited 1 branch of the dungeon, and saw 2 of its levels.
You visited the Abyss 1 time.

You collected 34 gold pieces.

Inventory:

Hand Weapons
 a - a +1 hand axe (weapon)
Missiles
 h - 5 javelins (quivered)
Armour
 b - a +0 leather armour (worn)
 f - a +0 cloak (worn)
Jewellery
 d - a ring of resist corrosion (left hand)
Scrolls
 e - 2 scrolls of identify
Potions
 c - a potion of cancellation


   Skills:
 + Level 6.5 Fighting
 + Level 0.9 Short Blades
 + Level 0.9 Long Blades
 + Level 4.5 Axes
 + Level 0.9 Maces & Flails
 + Level 0.9 Polearms
 + Level 0.9 Staves
 + Level 0.9 Slings
 + Level 0.9 Bows
 + Level 0.9 Crossbows
 + Level 0.9 Throwing
 + Level 4.5 Armour
 + Level 2.6 Dodging
 + Level 0.9 Stealth
 + Level 0.9 Shields
 + Level 0.9 Unarmed Combat
 + Level 0.9 Spellcasting
 + Level 0.6 Conjurations
 + Level 0.6 Hexes
 + Level 0.6 Summonings
 + Level 0.6 Necromancy
 + Level 0.6 Translocations
 + Level 0.6 Transmutations
 + Level 0.6 Fire Magic
 + Level 0.6 Ice Magic
 + Level 0.6 Air Magic
 + Level 0.6 Earth Magic
 + Level 0.6 Poison Magic
 + Level 4.6 Invocations
 + Level 0.9 Evocations


You had 3 spell levels left.
You didn't know any spells.
Your spell library contained the following spells:

 Spells                   Type           Power      Damage    Failure   Level
 Call Canine Familiar     Summ           1%         N/A       67%         3
 Portal Projectile        Hex/Tloc       2%         N/A       67%         3
 Leda's Liquefaction      Hex/Erth       0%         N/A       97%         4


Dungeon Overview and Level Annotations

Branches:
Dungeon (2/15)

Altars:


Innate Abilities, Weirdness & Mutations

You have very sharp teeth.
Your uncanny sense of smell can sniff out nearby items.
Your experience applies equally to all skills.


Message History

The adder is heavily wounded.
You hit the adder.
You kill the adder!
Lugonu accepts your kill.
* * * LOW HITPOINT WARNING * * *
You feel sick. The adder completely misses you.
It was a potion of ambrosia.
You are confused.
You feel invigorated.
You feel sick. The adder misses you. The adder bites you.
* * * LOW HITPOINT WARNING * * *
You are lethally poisoned!
The adder poisons you!
Unknown command.
You bump into the rock wall.
* * * LOW HITPOINT WARNING * * *
You feel sick. The adder bites you.
* * * LOW HITPOINT WARNING * * *
You are more poisoned.
The adder poisons you!
Unknown command.
* * * LOW HITPOINT WARNING * * *
You feel very sick. The adder closely misses you.
Unknown command.
You feel less invigorated.
You feel less confused.
* * * LOW HITPOINT WARNING * * *
You feel sick. The adder bites you but does no damage. The adder bites you.
* * * LOW HITPOINT WARNING * * *
You are more poisoned.
The adder poisons you!
You hit the adder. Your bite misses the adder.
The adder is almost dead.
* * * LOW HITPOINT WARNING * * *
You feel very sick. The adder barely misses you.
Unknown command.
You closely miss the adder.
The adder is almost dead.
You die...

##### .. ## ...#
#.#.. ...# #.#.# #
#..# #.#.#.#?#..#
#.#.#...#..#
...#∆#....#
########..# ∆#S@#
..........# ∆#..#
#########.#####).#
#).......#
##...###........
#..## #########
....# ####.# ..#


You could see an adder.

Vanquished Creatures
  2 adders (D:2)
  A dart slug (D:1)
  3 ball pythons (D:1)
  4 goblins
  3 hobgoblins
  4 jackals (D:1)
  A quokka (D:1)
  3 bats (D:1)
  5 kobolds
  2 rats (D:1)
28 creatures vanquished.

Notes
Turn   | Place    | Note
-------+----------+-------------------------------------------
     0 | Abyss:1  | Gargoyl the Gnoll Abyssal Knight began the quest for the
                  | Orb.
     0 | Abyss:1  | Reached XP level 1. HP: 23/23 MP: 3/3
    89 | Abyss:1  | Noticed a reaper
    93 | D:1      | Escaped the Abyss
   185 | D:1      | Reached * piety under Lugonu
   186 | D:1      | Reached XP level 2. HP: 22/29 MP: 5/5
   753 | D:1      | Reached XP level 3. HP: 15/35 MP: 6/6
  1167 | D:2      | Succumbed to an adder's poison

Illustrated notes

Levels and vault maps discovered:
D:1:      eino_arrival_water_star, layout_loops_ring
D:2:      layout_basic, chequers_ecumenical_altar_simple_redux,
          minmay_split_cup_large

Action                   || total
-------------------------++-------
Melee: Hand axe          ||    86
       Bite              ||     3
Invok: Depart the Abyss  ||     1
  Use: Scroll            ||     3
       Potion            ||     1
Armor: Leather armour    ||    34
Dodge: Dodged            ||    77

Table legend: (Time is in decaauts)
 A = Elapsed time spent in this place.
 B = Non-inter-level travel time spent in this place.
 C = Inter-level travel time spent in this place.
 D = Time resting spent in this place.
 E = Time spent auto-exploring this place.
 F = Levels seen in this place.
 G = Mean time per level.
                   A        B        C        D        E       F      G
               +--------+--------+--------+--------+--------+-----+--------+
         Total |   1172 |   1152 |     20 |      0 |    924 |   3 |  390.7 |
       Dungeon |   1080 |   1060 |     20 |      0 |    841 |   2 |  540.0 |
         Abyss |     92 |     92 |      0 |      0 |     83 |   1 |   92.0 |
               +--------+--------+--------+--------+--------+-----+--------+

Top non-repeatable levels by time:
     D:1: 944 daAuts
     D:2: 135 daAuts
 Abyss:1: 92 daAuts
